 Dungeon Crawl Stone Soup version 0.26-a0-852-g6321bf7485 (webtiles) character file.

Game seed: 5546192620666889316

14255 leviel the Basher (level 12, 0/110 HPs)
             Began as a Hill Orc Berserker on Nov 21, 2020.
             Was a High Priest of Trog.
             Slain by Jorgrun
             ... wielding an uncursed staff of earth
              (3 damage)
             ... on level 12 of the Dungeon.
             The game lasted 00:33:48 (12798 turns).

leviel the Basher (Hill Orc Berserker)             Turns: 12798, Time: 00:33:49

Health: 0/110      AC: 23    Str: 24    XL:     12   Next: 14%
Magic:  12/12      EV:  6    Int:  7    God:    Trog [*****.]
Gold:   705        SH:  0    Dex: 17    Spells: 11/11 levels left

rFire    . . .     SeeInvis .   I - +4 lajatang
rCold    . . .     Faith    .   (shield currently unavailable)
rNeg     . . .     Spirit   .   H - +0 plate armour
rPois    .         Reflect  .   m - +1 helmet
rElec    .         Harm     .   u - +0 cloak
rCorr    .         Rampage  .   (no gloves)
MR       .....                  (no boots)
Stlth    ..........             j - amulet of regeneration
HPRegen  0.68/turn              b - +4 ring of protection
MPRegen  0.13/turn              k - +6 ring of dexterity

@: mighty, grasped by roots, berserk cooldown, slowed, constricted, very slow
A: no striking features
a: Berserk, Trog's Hand, Brothers in Arms, Renounce Religion


You were on level 12 of the Dungeon.
You worshipped Trog.
Trog was extremely pleased with you.
You visited 2 branches of the dungeon, and saw 13 of its levels.
You also visited: Ossuary.

You collected 705 gold pieces.

Inventory:

Hand Weapons
 d - a +1 whip of flaming
 I - a +4 lajatang (weapon)
Armour
 m - a +1 helmet (worn)
 u - a +0 cloak (worn)
 H - a +0 plate armour (worn)
Jewellery
 b - a +4 ring of protection (left hand)
 f - an uncursed ring of see invisible
 j - an amulet of regeneration (around neck)
 k - a +6 ring of dexterity (right hand)
 r - a cursed ring of attention {unknown}
Wands
 q - a wand of random effects (17)
 t - a wand of flame (46)
 B - a wand of digging (7)
 C - a wand of iceblast (7)
 E - a wand of paralysis (9)
 F - a wand of enslavement (16)
Scrolls
 a - a scroll of acquirement {unknown}
 e - 2 scrolls of blinking
 g - 5 scrolls of remove curse
 l - 2 scrolls of vulnerability {unknown}
 s - a scroll of fog
 v - 2 scrolls of identify
 w - 5 scrolls of teleportation
 D - a scroll of silence {unknown}
Potions
 c - a potion of might
 h - 8 potions of curing
 n - 5 potions of flight
 o - 2 potions of haste
 p - a potion of berserk rage {unknown}
 x - a potion of magic {unknown}
 z - 2 potions of ambrosia
 A - a potion of invisibility
 G - a potion of brilliance
Miscellaneous
 y - a phantom mirror


   Skills:
 + Level 11.5 Fighting
 + Level 7.0(11.7) Axes
 + Level 12.4(12.9) Maces & Flails
 + Level 0.7 Throwing
 + Level 11.2 Armour
 + Level 4.0 Dodging
 + Level 2.1 Stealth
 + Level 1.0 Evocations


You had 11 spell levels left.
You didn't know any spells.
Your spell library was empty.

Dungeon Overview and Level Annotations

Branches:
Dungeon (12/15)            Temple (1/1) D:4            Lair (0/6) D:10
    Orc (0/2) D:11        Ossuary (visited)

Altars:
Ashenzari
Cheibriados
Dithmenos
Elyvilon
Fedhas
Gozag
Hepliaklqana
Kikubaaqudgha
Makhleb
Nemelex Xobeh
Okawaru
Qazlal
Ru
Sif Muna
Trog
Uskayaw
Vehumet
Wu Jian
Xom
Yredelemnul
Zin
The Shining One

Annotations:
D:12 Jorgrun


Message History

Jorgrun casts a spell at you.
The wall shatters!
The blast of rock fragments hits you!
* * * LOW HITPOINT WARNING * * *
x2 The grasping roots constrict you.
You feel very mighty all of a sudden. Jorgrun completely misses you.
The grasping roots constrict you.
You feel much better.
Jorgrun hits you with an uncursed staff of earth.
The grasping roots constrict you.
You barely miss Jorgrun.
Jorgrun is heavily wounded.
Jorgrun barely misses you. The grasping roots constrict you.
Jorgrun gestures at you while chanting. The iron shot hits you!!
* * * LOW HITPOINT WARNING * * *
x2 The grasping roots constrict you!
The roots' grasp on you weakens, but your attempt to escape fails.
Jorgrun hits you with an uncursed staff of earth.
* * * LOW HITPOINT WARNING * * *
You die...

### ..#
#######.##
.........#
.........#
.........#
......g..#
.......@.#
#######.##
#.# ####.#
#+##
#....#
...#
###.######
..?#
#........#
...####
#........#
...'..##
#........#


You could see Jorgrun.

Vanquished Creatures
  Erica (D:8)
  5 two-headed ogres
  Nergalle (D:11)
  The ghost of strifetoe the Cleaver, a novice GrFi of Okawaru (D:10)
  The ghost of mhtbhm the Basher, a novice GrFi of Okawaru (D:8)
  Pikel (D:8)
  2 ugly things (D:11)
  A cyclops (D:11)
  2 deep elf magi (D:11)
  A gargoyle (D:10)
  Sigmund (D:3)
  A centaur simulacrum (D:10)
  2 humans (D:10)
  2 wyverns (D:8)
  Grum (D:8)
  3 sky beasts
  5 orc warriors (D:11)
  An ice beast (D:8)
  A swamp drake (D:11)
  A phantom (D:9)
  4 ogres
  4 wolves (D:8)
  7 centaurs
  A big kobold (D:8)
  A spectral wyvern (D:10)
  2 elf zombies (Ossuary)
  5 bullfrogs
  3 scorpions
  4 wights (D:7)
  A howler monkey (D:6)
  A crimson imp (D:11)
  2 centaur zombies (D:10)
  6 hounds
  2 jellies
  A human zombie (Ossuary)
  6 orc priests
  A centaur skeleton (D:7)
  An iron imp (D:11)
  2 bullfrog skeletons
  Terence (D:3)
  2 iguanas
  8 orc wizards
  5 worker ants
  A bullfrog simulacrum (D:10)
  2 big kobold zombies (Ossuary)
  2 hound zombies
  A hound skeleton (D:6)
  4 mummies (Ossuary)
  9 gnolls
  14 adders
  2 shadow imps
  7 white imps
  3 ufetubi
  An ooze (D:5)
  6 worms
  2 dart slugs (D:1)
  4 leopard geckos
  25 orcs
  A ball python (D:1)
  5 bats
  3 giant cockroaches
  A gnoll zombie (Ossuary)
  12 goblins
  5 hobgoblins
  3 jackals
  16 kobolds
  5 quokkas
  4 frilled lizards
  A goblin zombie (Ossuary)
  A hobgoblin zombie (Ossuary)
  A kobold zombie (Ossuary)
  An orc zombie (Ossuary)
  A quokka zombie (D:6)
  13 rats
  2 rat zombies
  A bush (D:7)
263 creatures vanquished.

Notes
Turn   | Place    | Note
-------+----------+-------------------------------------------
     0 | D:1      | leviel the Hill Orc Berserker began the quest for the Orb.
     0 | D:1      | Reached XP level 1. HP: 19/19 MP: 1/1
    85 | D:1      | Reached XP level 2. HP: 22/27 MP: 2/2
   675 | D:1      | Reached XP level 3. HP: 15/33 MP: 3/3
  1123 | D:1      | Found a glowing golden altar of the Shining One.
  1309 | D:2      | Reached skill level 5 in Axes
  1539 | D:2      | Reached XP level 4. HP: 38/41 MP: 4/4
  1756 | D:3      | Reached ** piety under Trog
  1897 | D:3      | Found a hazy altar of Hepliaklqana.
  2164 | D:3      | Reached XP level 5. HP: 38/47 MP: 5/5
  2460 | D:3      | Found a bloodstained altar of Trog.
  2461 | D:3      | Noticed Terence
  2483 | D:3      | Reached skill level 5 in Fighting
  2488 | D:3      | Killed Terence
  2799 | D:3      | Noticed Sigmund
  2816 | D:3      | Killed Sigmund
  2817 | D:3      | Reached skill level 1 in Maces & Flails
  2817 | D:3      | Reached skill level 1 in Stealth
  2817 | D:3      | Reached XP level 6. HP: 56/56 MP: 6/6
  3193 | D:4      | Reached XP level 7. HP: 47/61 MP: 7/7
  3313 | D:4      | Reached skill level 2 in Maces & Flails
  3616 | D:4      | Found a staircase to the Ecumenical Temple.
  3969 | D:4      | Reached skill level 3 in Maces & Flails
  4175 | Temple   | Entered the Ecumenical Temple
  4371 | D:5      | Entered Level 5 of the Dungeon
  4741 | D:5      | Paralysed by a centaur for 4 turns
  4747 | D:5      | Paralysed by a centaur for 2 turns
  4903 | D:5      | Reached skill level 4 in Maces & Flails
  4920 | D:5      | Reached XP level 8. HP: 66/70 MP: 8/8
  5422 | D:5      | Reached skill level 5 in Maces & Flails
  6075 | D:6      | Reached skill level 5 in Armour
  6078 | D:6      | Reached *** piety under Trog
  6087 | D:6      | Found a sand-covered staircase.
  6094 | Ossuary  | Entered an ossuary
  6174 | Ossuary  | Reached skill level 6 in Maces & Flails
  7149 | D:7      | Reached XP level 9. HP: 72/79 MP: 9/9
  7461 | D:7      | Reached skill level 7 in Maces & Flails
  7576 | D:7      | Found an iron altar of Okawaru.
  8072 | D:8      | Noticed a two-headed ogre
  8086 | D:8      | Killed a two-headed ogre
  8087 | D:8      | Reached skill level 8 in Maces & Flails
  8207 | D:8      | Noticed Pikel
  8208 | D:8      | Noticed Grum
  8252 | D:8      | Killed Grum
  8268 | D:8      | Killed Pikel
  8269 | D:8      | Reached skill level 9 in Maces & Flails
  8269 | D:8      | Reached XP level 10. HP: 64/90 MP: 10/10
  8477 | D:8      | Noticed Erica
  8496 | D:8      | Killed Erica
  8588 | D:8      | Reached **** piety under Trog
  8698 | D:8      | Found a runed translucent door.
  8714 | D:8      | Noticed mhtbhm's ghost (novice GrFi)
  8727 | D:8      | Killed mhtbhm's ghost
  8728 | D:8      | Reached skill level 10 in Maces & Flails
  8728 | D:8      | Reached skill level 1 in Evocations
  8803 | D:8      | Noticed a moth of wrath
  8806 | D:8      | Found a bloodstained altar of Trog.
  9253 | D:9      | Found an ancient bone altar of Kikubaaqudgha.
  9421 | D:9      | Noticed a two-headed ogre
  9428 | D:9      | Killed a two-headed ogre
  9429 | D:9      | Reached XP level 11. HP: 99/99 MP: 11/11
  9467 | D:9      | Found a basalt altar of Yredelemnul.
  9467 | D:9      | Found an ornate altar of the Wu Jian Council.
  9999 | D:10     | Entered Level 10 of the Dungeon
 10012 | D:10     | Noticed a two-headed ogre
 10025 | D:10     | Killed a two-headed ogre
 10026 | D:10     | Reached skill level 10 in Fighting
 10205 | D:10     | Found a staircase to the Lair.
 10270 | D:10     | Reached skill level 11 in Maces & Flails
 10342 | D:10     | Found an iron altar of Okawaru.
 10507 | D:10     | Found a runed translucent gate.
 10508 | D:10     | Found a runed translucent gate.
 10508 | D:10     | Found a runed translucent gate.
 10509 | D:10     | Noticed strifetoe's ghost (novice GrFi)
 10598 | D:10     | Killed strifetoe's ghost
 10925 | D:10     | Noticed a two-headed ogre
 10935 | D:10     | Killed a two-headed ogre
 10936 | D:10     | Reached skill level 10 in Armour
 11178 | D:11     | Noticed a cyclops
 11200 | D:11     | Killed a cyclops
 11371 | D:11     | Noticed a deep elf mage
 11385 | D:11     | Killed a deep elf mage
 11386 | D:11     | Noticed a deep elf mage
 11410 | D:11     | HP: 3/101 [fire elemental[a deep elf mage] (3)]
 11412 | D:11     | Killed a deep elf mage
 11664 | D:11     | Reached ***** piety under Trog
 11668 | D:11     | Noticed a cyan ugly thing
 11681 | D:11     | Killed a cyan ugly thing
 11682 | D:11     | Reached skill level 12 in Maces & Flails
 11730 | D:11     | Noticed a two-headed ogre
 11749 | D:11     | Killed a two-headed ogre
 12025 | D:11     | Noticed a purple ugly thing
 12038 | D:11     | Killed a purple ugly thing
 12053 | D:11     | Reached XP level 12. HP: 110/110 MP: 12/12
 12142 | D:11     | Noticed Nergalle
 12163 | D:11     | Killed Nergalle
 12608 | D:11     | Received a gift from Trog
 12696 | D:11     | Found a staircase to the Orcish Mines.
 12764 | D:12     | Noticed Jorgrun
 12797 | D:12     | HP: 5/110 [Jorgrun/uncursed staff of earth (10)]
 12798 | D:12     | Slain by Jorgrun

Illustrated notes

Levels and vault maps discovered:
D:1:      nicolae_arrival_somewhat_less_tricky_arrival, layout_basic,
          roderic_serpentine_path, tso_altar
D:2:      layout_basic
D:3:      layout_basic, lemuel_crystal_altar, lemuel_statue_altar, uniq_sigmund,
          uniq_terence
D:4:      layout_cave_pods, minmay_temple_entry_glassed_door
D:5:      layout_basic, eino_tiny_chamber, minmay_fractal_squares_5
D:6:      layout_basic, enter_ossuary_4, minmay_misc_feat_more_columns
D:7:      layout_loops_ring, kennysheep_little_box, grunt_decor_cap,
          supply_closet_lemuel, minivault_5, minmay_hedge_maze
D:8:      layout_loops_ring, ebering_ghost_reflecting_pool, tgw_trog, uniq_grum,
          uniq_erica, uniq_pikel
D:9:      layout_gridville, gammafunk_temple_overflow_pools,
          kiku_gazebo_garden_becter
D:10:     layout_basic, lair_entry_dummy, gammafunk_ghost_necromancy,
          okawaru_humans
D:11:     layout_basic, david_orc_4, enter_bailey_7, hangedman_minor_magic,
          uniq_nergalle
D:12:     layout_roguey, chequers_serial_rivers_room_b, uniq_jorgrun
Temple:   eino_temple_scatter_basement

Skill      XL: |  1  2  3  4  5  6  7  8  9 10 11 12 |
---------------+-------------------------------------+-----
Fighting       | 4 5 6 7 8 9 11 | 11.5
Axes           | 5 6 7 |  7.0
Dodging        | 2 3 4 |  4.0
Maces & Flails | 1 4 6 9 10 12 | 12.4
Armour         | 3 4 5 7 9 10 11 | 11.2
Stealth        | 1 2 |  2.1
Evocations     | 1 |  1.0
Throwing       | |  0.7

Action                   |  1- 3 |  4- 6 |  7- 9 | 10-12 || total
-------------------------+-------+-------+-------+-------++-------
Melee: Hand axe          |    86 |    95 |       |       ||   181
       Mace              |       |    65 |   541 |     8 ||   614
       Whip              |       |       |       |   635 ||   635
       Lajatang          |       |       |       |    12 ||    12
Throw: Boomerang         |     3 |       |       |       ||     3
Invok: Berserk           |       |     1 |     7 |    16 ||    24
       Trog's Hand       |       |       |     2 |     2 ||     4
Evoke: Wand              |       |       |     2 |       ||     2
       Phantom mirror    |       |       |     1 |       ||     1
  Use: Scroll            |       |       |    15 |    10 ||    25
       Potion            |       |       |     3 |     8 ||    11
 Stab: Sleeping          |     1 |     1 |       |       ||     2
       Invisible         |       |       |       |     1 ||     1
Armor: Animal skin       |    13 |     4 |       |       ||    17
       Chain mail        |       |    97 |   448 |    22 ||   567
       Plate armour      |       |       |       |   246 ||   246
Dodge: Dodged            |    56 |    74 |   332 |   171 ||   633

Table legend: (Time is in decaauts)
 A = Elapsed time spent in this place.
 B = Non-inter-level travel time spent in this place.
 C = Inter-level travel time spent in this place.
 D = Time resting spent in this place.
 E = Time spent auto-exploring this place.
 F = Levels seen in this place.
 G = Mean time per level.
                   A        B        C        D        E       F      G
               +--------+--------+--------+--------+--------+-----+--------+
         Total |  12714 |  12296 |    418 |   1727 |   8082 |  14 |  908.1 |
       Dungeon |  12174 |  11775 |    399 |   1619 |   7832 |  12 | 1014.5 |
        Temple |    164 |    146 |     18 |      0 |    146 |   1 |  164.0 |
       Ossuary |    375 |    375 |      0 |    108 |    104 |   1 |  375.0 |
               +--------+--------+--------+--------+--------+-----+--------+

Top non-repeatable levels by time:
     D:5: 1460 daAuts
    D:11: 1456 daAuts
     D:4: 1354 daAuts
     D:1: 1271 daAuts
     D:3: 1148 daAuts
    D:10: 1122 daAuts
     D:8: 1097 daAuts
     D:7: 971 daAuts
     D:6: 948 daAuts
     D:9: 816 daAuts
     D:2: 469 daAuts
 Ossuary: 375 daAuts
  Temple: 164 daAuts
    D:12: 58 daAuts
